PL
AUSTIN RANGERS @ ATLANTA SMOKE
08/08/2027
 
TOP OF THE 1ST
Austin Rangers batting - Pitching for Atlanta Smoke : RHP Juan Pérez
Pitching: RHP Juan Pérez
Batting: SHB Carlos Kramer 0-0: SINGLE (Groundball, 34D)
Batting: LHB Héctor Cortéz 0-0: Called Strike
0-1: Grounds into double play, 4-6-3 (Groundball, 4)
Batting: SHB Xavier Vásquez 0-0: Called Strike
0-1: Ball
1-1: Ball
2-1: SINGLE (Groundball, 25) (infield hit)
Batting: LHB Jesús Reyes 0-0: Called Strike
0-1: Called Strike
0-2: Foul Ball, location: 2F
0-2: Foul Ball, location: 2F
0-2: Ball
1-2: SINGLE (Groundball, 34D)
Xavier Vásquez to second
Xavier Vásquez to third
Batting: RHB Jeff Green 0-0: Called Strike
0-1: Swinging Strike
0-2: Strikes out looking
Top of the 1st over - 0 run(s), 3 hit(s), 0 error(s), 2 left on base; Austin 0 - Atlanta 0
BOTTOM OF THE 1ST
Atlanta Smoke batting - Pitching for Austin Rangers : RHP Juan Valéncia
Pitching: RHP Juan Valéncia
Batting: RHB Bartolo Morales 0-0: Called Strike
0-1: Ground out 6-3 (Groundball, 6M)
Batting: LHB Albert Morán 0-0: Fly out, F8 (Flyball, 8LS)
Batting: RHB Gabriel Maldonado 0-0: Called Strike
0-1: Ball
1-1: Foul Ball, location: 2F
1-2: Ground out 6-3 (Groundball, 6)
Bottom of the 1st over - 0 run(s), 0 hit(s), 0 error(s), 0 left on base; Austin 0 - Atlanta 0
TOP OF THE 2ND
Austin Rangers batting - Pitching for Atlanta Smoke : RHP Juan Pérez
Batting: RHB Tony Hernández 0-0: Ball
1-0: Called Strike
1-1: Ball
2-1: Ball
3-1: Fly out, F4 (Line Drive, 4M)
Batting: RHB Matt Sheppard 0-0: Ball
1-0: Ball
2-0: Ground out 6-3 (Groundball, 6)
Batting: LHB Enrique Sánchez 0-0: Foul Ball, location: 2F
0-1: Foul Ball, location: 2F
0-2: Foul Ball, location: 2F
0-2: Ball
1-2: Ground out 6-3 (Groundball, 6)
Top of the 2nd over - 0 run(s), 0 hit(s), 0 error(s), 0 left on base; Austin 0 - Atlanta 0
BOTTOM OF THE 2ND
Atlanta Smoke batting - Pitching for Austin Rangers : RHP Juan Valéncia
Batting: RHB Layton Templeman 0-0: Ball
1-0: DOUBLE (Line Drive, 7D)
Batting: RHB Travis Newsome 0-0: Ball
1-0: Foul Ball, location: 2F
1-1: Ball
2-1: Called Strike
2-2: Strikes out swinging
Batting: LHB Bernardo Elías 0-0: Ball
1-0: SINGLE (Flyball, 7S)
Layton Templeman to third
Batting: RHB Clarence Fox 0-0: SINGLE (Flyball, 78S)
Layton Templeman scores
Bernardo Elías to second
Batting: RHB Gerardo Castillo 0-0: Ball
1-0: Swinging Strike
1-1: Called Strike
1-2: Strikes out swinging
Batting: RHB Alfredo Méndez 0-0: Foul Ball, location: 2F
0-1: Ball
1-1: Swinging Strike
1-2: Strikes out swinging
Bottom of the 2nd over - 1 run(s), 3 hit(s), 0 error(s), 2 left on base; Austin 0 - Atlanta 1
TOP OF THE 3RD
Austin Rangers batting - Pitching for Atlanta Smoke : RHP Juan Pérez
Batting: RHB Rodney Hanna 0-0: Ground out 6-3 (Groundball, 6)
Batting: SHB Carlos Kramer 0-0: Ball
1-0: Ball
2-0: Ground out U3 (Groundball, 34)
Batting: LHB Héctor Cortéz 0-0: Fly out, F6 (Line Drive, 6)
Top of the 3rd over - 0 run(s), 0 hit(s), 0 error(s), 0 left on base; Austin 0 - Atlanta 1
BOTTOM OF THE 3RD
Atlanta Smoke batting - Pitching for Austin Rangers : RHP Juan Valéncia
Batting: RHB Bartolo Morales 0-0: Ball
1-0: Foul Ball, location: 2F
1-1: Foul Ball, location: 2F
1-2: Foul Ball, location: 2F
1-2: Ground out U3 (Groundball, 34)
Batting: LHB Albert Morán 0-0: Swinging Strike
0-1: Foul Ball, location: 2F
0-2: Ball
1-2: Ball
2-2: Strikes out swinging
Batting: RHB Gabriel Maldonado 0-0: Ball
1-0: Ball
2-0: Ground out 5-3 (Groundball, 56)
Bottom of the 3rd over - 0 run(s), 0 hit(s), 0 error(s), 0 left on base; Austin 0 - Atlanta 1
TOP OF THE 4TH
Austin Rangers batting - Pitching for Atlanta Smoke : RHP Juan Pérez
Batting: SHB Xavier Vásquez 0-0: Ball
1-0: Foul Ball, location: 2F
1-1: Called Strike
1-2: SINGLE (Groundball, 4M) (infield hit)
Batting: LHB Jesús Reyes 0-0: Called Strike
0-1: Ball
1-1: Foul Ball, location: 2F
1-2: Foul Ball, location: 2F
1-2: Fly out, F8 (Flyball, 78S)
Batting: RHB Jeff Green 0-0: Ball
1-0: Ball
2-0: SINGLE (Line Drive, 78M)
Xavier Vásquez to second
Batting: RHB Tony Hernández 0-0: Called Strike
0-1: Ball
1-1: Fly out, F6 (Popup, 6)
Batting: RHB Matt Sheppard 0-0: Called Strike
0-1: Ground out 5-3 (Groundball, 56S)
Top of the 4th over - 0 run(s), 2 hit(s), 0 error(s), 2 left on base; Austin 0 - Atlanta 1
BOTTOM OF THE 4TH
Atlanta Smoke batting - Pitching for Austin Rangers : RHP Juan Valéncia
Batting: RHB Layton Templeman 0-0: Ball
1-0: SINGLE (Line Drive, 78S)
Batting: RHB Travis Newsome 0-0: Foul Ball, location: 2F
0-1: Ball
1-1: Grounds into double play, 5-4-3 (Groundball, 56)
Batting: LHB Bernardo Elías 0-0: Ground out U3 (Groundball, 3L)
Bottom of the 4th over - 0 run(s), 1 hit(s), 0 error(s), 0 left on base; Austin 0 - Atlanta 1
TOP OF THE 5TH
Austin Rangers batting - Pitching for Atlanta Smoke : RHP Juan Pérez
Batting: LHB Enrique Sánchez 0-0: Ball
1-0: Ball
2-0: Foul Ball, location: 2F
2-1: Swinging Strike
2-2: Ball
3-2: Foul Ball, location: 2F
3-2: Ground out 1-3 (Groundball, 13)
Batting: RHB Rodney Hanna 0-0: Foul Ball, location: 2F
0-1: Swinging Strike
0-2: Strikes out swinging
Batting: SHB Carlos Kramer 0-0: Foul Ball, location: 2F
0-1: Ground out 1-3 (Groundball, 13)
Top of the 5th over - 0 run(s), 0 hit(s), 0 error(s), 0 left on base; Austin 0 - Atlanta 1
BOTTOM OF THE 5TH
Atlanta Smoke batting - Pitching for Austin Rangers : RHP Juan Valéncia
Batting: RHB Clarence Fox 0-0: Swinging Strike
0-1: Ball
1-1: Called Strike
1-2: Strikes out looking
Batting: RHB Gerardo Castillo 0-0: Swinging Strike
0-1: Fly out, F9 (Flyball, 9LD)
Batting: RHB Alfredo Méndez 0-0: Ball
1-0: Called Strike
1-1: Ball
2-1: Foul Ball, location: 2F
2-2: Foul Ball, location: 2F
2-2: Strikes out swinging
Bottom of the 5th over - 0 run(s), 0 hit(s), 0 error(s), 0 left on base; Austin 0 - Atlanta 1
TOP OF THE 6TH
Austin Rangers batting - Pitching for Atlanta Smoke : RHP Juan Pérez
Batting: LHB Héctor Cortéz 0-0: Ground out 4-3 (Groundball, 34)
Batting: SHB Xavier Vásquez 0-0: Ball
1-0: SINGLE (Groundball, 56S) (infield hit)
Batting: LHB Jesús Reyes 0-0: Ball
1-0: Grounds into double play, 4-6-3 (Groundball, 4)
Top of the 6th over - 0 run(s), 1 hit(s), 0 error(s), 0 left on base; Austin 0 - Atlanta 1
BOTTOM OF THE 6TH
Atlanta Smoke batting - Pitching for Austin Rangers : RHP Juan Valéncia
Batting: RHB Bartolo Morales 0-0: Foul Ball, location: 2F
0-1: Fly out, F9 (Line Drive, 89D)
Batting: LHB Albert Morán 0-0: Ball
1-0: Ball
2-0: Ground out 4-3 (Groundball, 4)
Batting: RHB Gabriel Maldonado 0-0: Ball
1-0: Ball
2-0: Called Strike
2-1: Called Strike
2-2: Foul Ball, location: 2F
2-2: SOLO HOME RUN (Line Drive, 7LD), Distance : 442 ft
Batting: RHB Layton Templeman 0-0: Swinging Strike
0-1: Ball
1-1: Called Strike
1-2: Ball
2-2: Foul Ball, location: 2F
2-2: Ball
3-2: Strikes out looking
Bottom of the 6th over - 1 run(s), 1 hit(s), 0 error(s), 0 left on base; Austin 0 - Atlanta 2
TOP OF THE 7TH
Austin Rangers batting - Pitching for Atlanta Smoke : RHP Juan Pérez
Batting: RHB Jeff Green 0-0: Foul Ball, location: 2F
0-1: Ball
1-1: Foul Ball, location: 2F
1-2: Reached on error, E4 (Popup, 4D)
Batting: RHB Tony Hernández 0-0: Ball
1-0: Ball
2-0: Ball
3-0: Base on Balls
Jeff Green to second
Batting: RHB Matt Sheppard 0-0: Ground out 5-3 (Groundball, 56S)
Jeff Green to third
Tony Hernández to second
Batting: LHB Enrique Sánchez 0-0: Foul Ball, location: 2F
0-1: Ground out 6-3 (Groundball, 6)
Jeff Green scores
Batting: RHB Rodney Hanna 0-0: Foul Ball, location: 2F
0-1: Called Strike
0-2: Ball
1-2: Strikes out swinging
Top of the 7th over - 1 run(s), 0 hit(s), 1 error(s), 1 left on base; Austin 1 - Atlanta 2
BOTTOM OF THE 7TH
Atlanta Smoke batting - Pitching for Austin Rangers : RHP Juan Valéncia
Batting: RHB Travis Newsome 0-0: Called Strike
0-1: Ball
1-1: Ball
2-1: Fly out, F9 (Flyball, 9S)
Batting: LHB Bernardo Elías 0-0: Ball
1-0: Ball
2-0: Ball
3-0: Called Strike
3-1: SINGLE (Line Drive, 9S)
Batting: RHB Clarence Fox 0-0: Ball
1-0: Ball
2-0: Called Strike
2-1: Ball
3-1: Foul Ball, location: 2F
3-2: Foul Ball, location: 2F
3-2: Strikes out swinging
Batting: RHB Gerardo Castillo 0-0: SINGLE (Line Drive, 7LS)
Bernardo Elías to second
Batting: RHB Alfredo Méndez 0-0: Fielders Choice at 2nd, 6-4 (Groundball, 6)
Bottom of the 7th over - 0 run(s), 2 hit(s), 0 error(s), 1 left on base; Austin 1 - Atlanta 2
TOP OF THE 8TH
Austin Rangers batting - Pitching for Atlanta Smoke : RHP Juan Pérez
Batting: SHB Carlos Kramer 0-0: Ball
1-0: Called Strike
1-1: Foul Ball, location: 2F
1-2: Strikes out looking
Batting: LHB Héctor Cortéz 0-0: Called Strike
0-1: Ball
1-1: Ball
2-1: Ball
3-1: SINGLE (Groundball, 4MD)
Batting: SHB Xavier Vásquez 0-0: SINGLE (Groundball, 4) (infield hit)
Héctor Cortéz to second
Batting: LHB Jesús Reyes 0-0: Ball
1-0: Foul Ball, location: 2F
1-1: Foul Ball, location: 2F
1-2: SINGLE (Groundball, 56D)
Héctor Cortéz to third
Xavier Vásquez to second
Runner from 3rd tries for Home, SAFE, throw made home
Batting: RHB Jeff Green 0-0: Ball
1-0: Ball
2-0: Foul Ball, location: 2F
2-1: Foul Ball, location: 2F
2-2: Ball
3-2: Grounds into double play, 6-4-3 (Groundball, 6)
Top of the 8th over - 1 run(s), 3 hit(s), 0 error(s), 1 left on base; Austin 2 - Atlanta 2
BOTTOM OF THE 8TH
Atlanta Smoke batting - Pitching for Austin Rangers : RHP Juan Valéncia
Batting: RHB Bartolo Morales 0-0: Ball
1-0: Ground out 6-3 (Groundball, 6)
Batting: LHB Albert Morán 0-0: Ball
1-0: Ball
2-0: Fly out, F7 (Flyball, 7D)
Batting: RHB Gabriel Maldonado 0-0: Called Strike
0-1: Ball
1-1: SINGLE (Groundball, 56D)
Batting: RHB Layton Templeman 0-0: Ball
1-0: Foul Ball, location: 2F
1-1: Fly out, F2 (Popup, 2L)
Bottom of the 8th over - 0 run(s), 1 hit(s), 0 error(s), 1 left on base; Austin 2 - Atlanta 2
TOP OF THE 9TH
Austin Rangers batting - Pitching for Atlanta Smoke : RHP Juan Pérez
Batting: RHB Tony Hernández 0-0: Called Strike
0-1: Ball
1-1: Called Strike
1-2: Foul Ball, location: 2F
1-2: Ball
2-2: Ball
3-2: Base on Balls
Pitching: RHP Bruce Hamilton
Batting: RHB Matt Sheppard 0-0: Foul Ball, location: 2F
0-1: Swinging Strike
0-2: Foul Ball, location: 2F
0-2: Ball
1-2: Strikes out swinging
Batting: LHB Enrique Sánchez 0-0: Called Strike
0-1: TRIPLE (Line Drive, 8LM)
Tony Hernández scores
Batting: RHB Rodney Hanna 0-0: Ball
1-0: SINGLE (Flyball, 89S)
Enrique Sánchez scores
Batting: SHB Carlos Kramer 0-0: Ball
1-0: Grounds into double play, 4-6-3 (Groundball, 4M)
Top of the 9th over - 2 run(s), 2 hit(s), 0 error(s), 0 left on base; Austin 4 - Atlanta 2
BOTTOM OF THE 9TH
Atlanta Smoke batting - Pitching for Austin Rangers : RHP Juan Valéncia
Batting: RHB Travis Newsome 0-0: SINGLE (Line Drive, 56D)
Pitching: RHP Gavin Blackburn
Batting: LHB Bernardo Elías 0-0: Ball
1-0: Foul Ball, location: 2F
1-1: Called Strike
1-2: Foul Ball, location: 2F
1-2: Grounds into double play, 4-6-3 (Groundball, 4MD)
Batting: RHB Clarence Fox 0-0: Foul Ball, location: 2F
0-1: SINGLE (Groundball, 56D)
Batting: RHB Gerardo Castillo 0-0: 2-RUN HOME RUN (Flyball, 7D), Distance : 415 ft
Batting: RHB Alfredo Méndez 0-0: Called Strike
0-1: Ball
1-1: Called Strike
1-2: Ball
2-2: Foul Ball, location: 2F
2-2: Strikes out swinging, 2-3 out at first.
Bottom of the 9th over - 2 run(s), 3 hit(s), 0 error(s), 0 left on base; Austin 4 - Atlanta 4
TOP OF THE 10TH
Austin Rangers batting - Pitching for Atlanta Smoke : RHP Bruce Hamilton
Batting: LHB Héctor Cortéz 0-0: Ball
1-0: Foul Ball, location: 2F
1-1: Swinging Strike
1-2: Strikes out swinging
Batting: SHB Xavier Vásquez 0-0: Called Strike
0-1: Ball
1-1: Ball
2-1: Foul Ball, location: 2F
2-2: Ball
3-2: Base on Balls
Batting: LHB Jesús Reyes 0-0: Foul Ball, location: 2F
0-1: Foul Ball, location: 2F
0-2: Strikes out swinging
Batting: RHB Jeff Green 0-0: Called Strike
0-1: Ball
1-1: Ball
2-1: Called Strike
2-2: Fly out, F8 (Flyball, 8RM)
Top of the 10th over - 0 run(s), 0 hit(s), 0 error(s), 1 left on base; Austin 4 - Atlanta 4
BOTTOM OF THE 10TH
Atlanta Smoke batting - Pitching for Austin Rangers : RHP Gavin Blackburn
Pitching: RHP Weston Fisher
Batting: RHB Bartolo Morales 0-0: Ball
1-0: Hit by Pitch
Batting: LHB Albert Morán 0-0: Bunted foul
0-1: Bunted foul
0-2: Fly out, F7 (Line Drive, 7)
Batting: RHB Gabriel Maldonado 0-0: Ball
1-0: Grounds into double play, 1-6-3 (Groundball, 13S)
Bottom of the 10th over - 0 run(s), 0 hit(s), 0 error(s), 0 left on base; Austin 4 - Atlanta 4
TOP OF THE 11TH
Austin Rangers batting - Pitching for Atlanta Smoke : RHP Bruce Hamilton
Batting: RHB Tony Hernández 0-0: Swinging Strike
0-1: Called Strike
0-2: Ball
1-2: Ball
2-2: Fly out, F4 (Popup, 4)
Batting: RHB Matt Sheppard 0-0: Ball
1-0: SOLO HOME RUN (Flyball, 8LXD), Distance : 446 ft
Pitching: LHP Manuel Rodríguez
Batting: LHB Enrique Sánchez 0-0: Swinging Strike
0-1: Ball
1-1: Ball
2-1: Foul Ball, location: 2F
2-2: Reached on error, E6 (Groundball, 6)
Batting: RHB Rodney Hanna 0-0: SINGLE (Line Drive, 6D)
Enrique Sánchez to second
Pinch Runner at 2nd José Muñóz:
Pinch Hitting: RHB Orlando Padilla 0-0: Fly out, F7 (Flyball, 7)
Batting: LHB Héctor Cortéz 0-0: Foul Ball, location: 2F
0-1: Foul Ball, location: 2F
0-2: Ball
1-2: Strikes out swinging
Top of the 11th over - 1 run(s), 2 hit(s), 1 error(s), 2 left on base; Austin 5 - Atlanta 4
BOTTOM OF THE 11TH
Atlanta Smoke batting - Pitching for Austin Rangers : RHP Weston Fisher
Now in LF: José Muñóz
Now in RF: Orlando Padilla
Batting: RHB Layton Templeman 0-0: Ground out 1-3 (Groundball, P)
Batting: RHB Travis Newsome 0-0: Ball
1-0: Called Strike
1-1: Ball
2-1: Ball
3-1: Foul Ball, location: 2F
3-2: Strikes out swinging
Batting: LHB Bernardo Elías 0-0: Called Strike
0-1: Foul Ball, location: 2F
0-2: Foul Ball, location: 2F
0-2: Foul Ball, location: 2F
0-2: Strikes out swinging
Bottom of the 11th over - 0 run(s), 0 hit(s), 0 error(s), 0 left on base; Austin 5 - Atlanta 4
Saturday, May 26th, 2018 - OOTP Baseball 17.12 Build 75